AoeStats
← 公鸡神探

Arena

506417259Analyzed
4v4 RM · 19d ago on Sep 13, 2026· 46m 15s· 8 players
Game mode
Random Map
Map size
Large (8 player)
Population
200
Speed
Normal
Resources
Standard
Victory
Conquest
Starting age
Dark Age
Ending age
Imperial Age
RankedLock teamsTeams togetherTeam positionsShared explorationLock speedFull tech treeHidden civsTurbo modeCheats
Victory
Defeat
🇨🇳 Franks · China
1258
+13
🇨🇳 Armenians · China
1249
+14
1116
+19
🇨🇳 Byzantines · China
1115
+19
🇬🇧 Inca · United Kingdom
1230
-18
🇺🇸 Burmese · United States
1188
-16
🇸🇪 Japanese · Sweden
1187
-16
🇪🇸 Hindustanis · Spain
1165
-15
True
11:11 Feudal Age
12:57 Horse Collar
15:48 Castle Age
14:04 Double-Bit Axe
15:15 Gold Mining
16:51 Bow Saw
19:53 Stone Mining
22:04 Wheelbarrow
23:37 Fletching
25:11 Hand Cart
24:42 Loom
25:32 Bodkin Arrow
25:46 Town Watch
26:57 Heavy Plow
29:02 Gold Shaft Mining
31:18 Imperial Age
29:39 Pikeman
30:19 Squires
30:21 Scale Mail Armor
30:32 Forging
30:24 Yasama
31:39 Ballistics
31:54 Chain Mail Armor
31:24 Halberdier
32:52 Iron Casting
32:51 Conscription
33:51 Two-Man Saw
33:59 Plate Mail Armor
35:06 Blast Furnace
34:07 Bracer
34:58 Elite Samurai
37:09 Man-at-Arms
37:34 Arson
37:35 Gambesons
38:15 Heavy Scorpion
42:59 Hoardings
43:52 Chemistry
42:58 Siege Engineers
43:46 Fortified Wall
44:14 Guard Tower
C0S1N
3:25 Loom
11:20 Feudal Age
15:21 Castle Age
14:35 Double-Bit Axe
14:33 Horse Collar
14:53 Town Watch
15:23 Gold Mining
17:35 Stone Mining
18:32 Bow Saw
19:37 Wheelbarrow
22:47 Fortified Wall
24:57 Hand Cart
26:36 Heavy Plow
27:16 Gold Shaft Mining
30:22 Imperial Age
28:32 Ballistics
28:05 Fletching
28:50 Bodkin Arrow
28:55 Padded Archer Armor
32:06 Chemistry
32:34 Leather Archer Armor
33:45 Ring Archer Armor
34:22 Crossbowman
34:28 Crossbowman
Gouldy928
0:26 Loom
12:10 Feudal Age
13:19 Double-Bit Axe
15:55 Castle Age
13:43 Horse Collar
17:06 Bow Saw
23:40 Gold Mining
23:47 Stone Mining
23:58 Treadmill Crane
26:25 Forging
26:15 Scale Mail Armor
26:51 Wheelbarrow
27:24 Gold Shaft Mining
26:54 Heavy Plow
26:52 Town Watch
31:36 Imperial Age
29:22 Hand Cart
31:23 Chain Mail Armor
31:20 Masonry
31:31 Ballistics
32:34 Gold Shaft Mining
32:38 Stone Shaft Mining
32:52 Iron Casting
32:49 Plate Mail Armor
32:40 Conscription
31:50 Capped Ram
33:02 Fletching
33:12 Padded Archer Armor
33:20 Siege Engineers
34:39 Elite Kamayuk
35:42 Town Patrol
35:40 Bodkin Arrow
36:17 Fabric Shields
38:38 Blast Furnace
37:39 Bracer
37:54 Leather Archer Armor
37:52 Elite Skirmisher
39:52 Andean Sling
41:25 Coinage
42:13 Thumb Ring
42:44 Ring Archer Armor
ur dads dad
11:21 Feudal Age
13:29 Loom
15:57 Castle Age
14:53 Forging
14:52 Horse Collar
16:34 Bloodlines
18:21 Gold Mining
19:04 Heavy Plow
20:16 Fervor
20:11 Light Cavalry
24:46 Wheelbarrow
25:18 Town Watch
26:22 Herbal Medicine
27:08 Gold Shaft Mining
26:24 Stone Mining
28:48 Iron Casting
28:43 Hand Cart
29:04 Scale Barding Armor
30:25 Fortified Wall
30:29 Pikeman
31:10 Squires
32:19 Chain Barding Armor
31:52 Man-at-Arms
32:19 Gambesons
32:47 Scale Mail Armor
32:58 Masonry
36:00 Imperial Age
34:14 Husbandry
34:32 Chain Mail Armor
35:39 Manipur Cavalry
36:21 Elite Battle Elephant
38:08 Plate Barding Armor
38:36 Blast Furnace
38:07 Conscription
37:31 Halberdier
39:17 Crop Rotation
39:14 Howdah
40:13 Plate Mail Armor
公鸡神探
12:43 Feudal Age
14:01 Gold Mining
14:00 Double-Bit Axe
16:27 Castle Age
14:26 Horse Collar
17:39 Bow Saw
18:05 Gold Mining
22:12 Fletching
30:44 Imperial Age
29:02 Heavy Plow
29:40 Wheelbarrow
28:52 Town Watch
28:53 Loom
29:48 Gold Shaft Mining
28:45 Man-at-Arms
29:40 Gambesons
29:56 Squires
29:41 Arson
29:59 Scale Mail Armor
30:19 Forging
29:48 Long Swordsman
31:23 Chain Mail Armor
30:31 Two-Handed Swordsman
30:52 Capped Ram
32:24 Iron Casting
32:10 Fereters
32:26 Conscription
31:54 Champion
34:20 Siege Ram
无甲的joe
10:18 Feudal Age
14:13 Castle Age
12:44 Double-Bit Axe
22:22 Forging
23:15 Scale Barding Armor
25:41 Chain Barding Armor
25:56 Iron Casting
31:09 Imperial Age
29:14 Wheelbarrow
33:12 Stone Mining
33:15 Gold Mining
33:18 Elite Throwing Axeman
34:18 Conscription
34:01 Scale Mail Armor
35:04 Blast Furnace
34:08 Squires
33:54 Arson
34:51 Gold Shaft Mining
35:04 #83
36:40 Chain Mail Armor
39:46 Plate Mail Armor
坐龙椅穿龙袍
11:11 Feudal Age
12:53 Wheelbarrow
15:39 Castle Age
14:50 Horse Collar
15:01 Double-Bit Axe
15:31 Horse Collar
18:27 Heavy Plow
22:15 Bow Saw
25:12 Wheelbarrow
25:58 Gold Mining
28:45 Imperial Age
26:34 Scale Barding Armor
27:46 Gold Shaft Mining
27:16 Stone Mining
28:15 Husbandry
29:12 Stone Shaft Mining
29:37 Forging
30:48 Crop Rotation
30:58 Hand Cart
32:03 Chain Barding Armor
31:42 Loom
33:14 Two-Man Saw
32:55 Iron Casting
32:43 Conscription
33:10 Treadmill Crane
33:41 Fortified Wall
33:52 Ballistics
34:32 Chemistry
34:09 Elite Cataphract
35:44 Hoardings
35:53 Plate Barding Armor
35:37 Fletching
37:07 Logistica
38:09 Bodkin Arrow
45:22 Bracer
翻斗花园突破手绫小路
11:15 Feudal Age
12:25 Double-Bit Axe
15:17 Castle Age
13:17 Horse Collar
21:54 Gold Mining
23:09 Wheelbarrow
23:08 Heavy Plow
24:19 Gold Shaft Mining
24:39 Bow Saw
24:39 Stone Mining
25:49 Padded Archer Armor
29:19 Imperial Age
27:43 Padded Archer Armor
27:34 Fletching
29:35 Hand Cart
29:06 Loom
29:06 Town Watch
29:43 Leather Archer Armor
29:24 Bodkin Arrow
29:36 Scale Barding Armor
32:02 Ring Archer Armor
31:33 Bracer
32:08 Conscription
32:12 Chain Barding Armor
32:35 Ballistics
33:16 Chemistry
33:25 Two-Man Saw
33:08 Bloodlines
33:01 Husbandry
33:10 Thumb Ring
34:52 Crop Rotation
33:51 Light Cavalry
35:44 Plate Barding Armor
35:14 Recurve Bow
34:50 Hussar
36:50 Parthian Tactics
36:13 Heavy Cavalry Archer
36:43 Pikeman
37:36 Halberdier
38:20 Scale Mail Armor
Connection lost

Rejoining the realm…

Still unreachable

The connection could not be restored.

Session expired

The server has moved on; the page needs a fresh start.